 Dungeon Crawl Stone Soup version 0.28-a0-1629-gf728b707aa (webtiles) character file.

Game seed: 17091262631741191982

86 skittles the Ruffian (level 4, 0/35 HPs)
             Began as a Draconian Transmuter on Jan 24, 2022.
             Succumbed to an adder's poison
             ... on level 2 of the Dungeon.
             The game lasted 00:03:05 (1290 turns).

skittles the Ruffian (Draconian Transmuter)         Turns: 1290, Time: 00:03:06

Health: 0/35       AC:  5    Str: 13    XL:     4   Next: 26%
Magic:  7/7        EV: 12    Int: 15    God:
Gold:   67         SH:  0    Dex: 11    Spells: 4/7 levels left

rFire   . . .      SeeInvis .     - Unarmed
rCold   + . .      Faith    .   (no shield)
rNeg    . . .      Spirit   .   (armour unavailable)
rPois   .          Reflect  .   (helmet restricted)
rElec   .          Harm     .   (no cloak)
rCorr   .          Rampage  .   (no gloves)
Will    .....                   (no boots)
Stlth   +.........              (no amulet)
HPRegen 0.00/turn               (no ring)
MPRegen 0.10/turn               (no ring)

@: lethally poisoned (0 -> -2), wereblooded (expiring), flying, inhibited regen
A: AC +5, unfitting armour, cold-blooded, cold resistance 1, inhibited
regeneration
a: no special abilities


You were on level 2 of the Dungeon.
You visited 1 branch of the dungeon, and saw 2 of its levels.

You collected 67 gold pieces.

Inventory:

Hand Weapons
 b - a +0 dagger of freezing
Missiles
 g - 4 poisoned darts
Jewellery
 h - a ring of magical power
Wands
 c - a wand of flame (21)
Scrolls
 f - a scroll of identify {unknown}


   Skills:
 - Level 1.1 Fighting
 - Level 1.7 Dodging
 * Level 4.5 Unarmed Combat
 - Level 2.0 Spellcasting
 * Level 3.0 Transmutations


You had 4 spell levels left.
You knew the following spells:

 Your Spells              Type           Power      Damage    Failure   Level
a - Beastly Appendage     Tmut           20%        N/A       6%          1
b - Wereblood             Tmut           10%        N/A       10%         2

Your spell library contained the following spells:

 Spells                   Type           Power      Damage    Failure   Level
 Spider Form              Tmut/Pois      6%         N/A       34%         3
 Ice Form                 Ice/Tmut       6%         N/A       75%         4


Dungeon Overview and Level Annotations

Branches:
Dungeon (2/15)

Altars:


Innate Abilities, Weirdness & Mutations

Your plain brown scales are hard. (AC +5)
You cannot fit into any form of body armour.
You are cold-blooded and may be slowed by cold attacks.
Your flesh is cold resistant. (rC+)
You do not regenerate when monsters are visible.


Message History

You howl as the wereblood boils in your veins!
Your horns disappear.
Your talons disappear.
* * * LOW HITPOINT WARNING * * *
You feel very sick. The bat barely misses you.
* * * LOW HITPOINT WARNING * * *
You feel very sick. The bat barely misses you.
You miss the bat. Your punch misses the bat.
You howl as the wereblood boils in your veins!
You feel less invigorated.
You feel less confused.
* * * LOW HITPOINT WARNING * * *
You feel sick. The bat closely misses you. The bat barely misses you.
The adder bites you but does no damage. The bat misses you.
The adder bites you but does no damage.
You closely miss the adder.
You howl as the wereblood boils in your veins!
* * * LOW HITPOINT WARNING * * *
You feel sick. The bat hits you.
* * * LOW HITPOINT WARNING * * *
The adder bites you but does no damage.
You punch the adder!
The adder is almost dead.
* * * LOW HITPOINT WARNING * * *
You feel sick. The adder closely misses you. The bat barely misses you.
You hit the adder.
You feel a bit better.
You kill the adder!
* * * LOW HITPOINT WARNING * * *
You feel sick. The bat barely misses you.
* * * LOW HITPOINT WARNING * * *
You feel sick. The bat hits you but does no damage.
You see here an adder corpse.
Your primal bloodlust is almost over.
* * * LOW HITPOINT WARNING * * *
You feel sick. The bat barely misses you.
You closely miss the bat.
* * * LOW HITPOINT WARNING * * *
You feel sick. The bat closely misses you.
You die...

#........)...#######....<.....
#......#####........(######..†
#.....## #.....###.. #.#.
#.....# #.....# .# #.##
#.....# #.....###.# #.#
###########.........# #.#
.#...##..#..### ##.##
......##b....## .....
.......@......## .....
................. .....
.......)#####.... .>...
........# #... ..... .#...#[##
#.. ..... #..#.. . ..#..
##.... ## ### ..##. ... # .##
## ...


You could see a bat.

Vanquished Creatures
  Jessica (D:2)
  3 adders (D:2)
  A worm (D:2)
  2 dart slugs
  3 endoplasms
  A giant cockroach (D:2)
  6 goblins
  A hobgoblin (D:1)
  4 kobolds
  A ball python (D:2)
  2 bats (D:2)
  2 frilled lizards
  A rat (D:1)
28 creatures vanquished.

Notes
Turn   | Place    | Note
-------+----------+-------------------------------------------
     0 | D:1      | skittles the Draconian Transmuter began the quest for the
                  | Orb.
     0 | D:1      | Reached XP level 1. HP: 16/16 MP: 3/3
   287 | D:1      | Reached XP level 2. HP: 14/23 MP: 1/5
   506 | D:1      | Learned a level 2 spell: Wereblood
   602 | D:1      | Gained mutation: You do not regenerate when monsters are
                  | visible. [potion of mutation]
   602 | D:1      | Gained mutation: Your flesh is cold resistant. (rC+)
                  | [potion of mutation]
   817 | D:2      | Noticed Jessica
   826 | D:2      | Killed Jessica
   827 | D:2      | Reached skill level 4 in Unarmed Combat
   827 | D:2      | Reached XP level 3. HP: 10/28 MP: 4/6
  1271 | D:2      | Reached XP level 4. HP: 16/35 MP: 3/7
  1289 | D:2      | HP: 1/35 [poisoned by an adder]
  1290 | D:2      | Succumbed to an adder's poison

Illustrated notes

Levels and vault maps discovered:
D:1:      amcnicky_arrival_flooded_fountain, layout_rooms
D:2:      layout_rooms, minmay_surrounded, uniq_jessica, uniq_crazy_yiuf_cottage

Skill      XL: |  1  2  3  4 |
---------------+-------------+-----
Unarmed Combat | 4 |  4.5
Transmutations | 3 |  3.0
Fighting       | |  1.1
Dodging        | |  1.7
Spellcasting   | |  2.0

Action                   |  1- 3 |  4- 6 || total
-------------------------+-------+-------++-------
Melee: Unarmed           |    62 |    11 ||    73
       Kick              |     9 |     1 ||    10
       Tailslap          |     5 |       ||     5
       Headbutt          |     5 |       ||     5
       Punch             |     2 |       ||     2
 Cast: Beastly Appendage |    17 |       ||    17
       Wereblood         |     4 |       ||     4
  Use: Scroll            |     3 |       ||     3
       Potion            |     2 |     3 ||     5
Armor: Skin              |    34 |    10 ||    44
Dodge: Dodged            |    55 |    25 ||    80

Table legend: (Time is in decaauts)
 A = Elapsed time spent in this place.
 B = Non-inter-level travel time spent in this place.
 C = Inter-level travel time spent in this place.
 D = Time resting spent in this place.
 E = Time spent auto-exploring this place.
 F = Levels seen in this place.
 G = Mean time per level.
                   A        B        C        D        E       F      G
               +--------+--------+--------+--------+--------+-----+--------+
         Total |   1284 |   1284 |      0 |    364 |    628 |   2 |  642.0 |
       Dungeon |   1284 |   1284 |      0 |    364 |    628 |   2 |  642.0 |
               +--------+--------+--------+--------+--------+-----+--------+

Top non-repeatable levels by time:
     D:2: 668 daAuts
     D:1: 616 daAuts
